 Dungeon Crawl Stone Soup version 0.21-a0-414-gba8bdf1 (webtiles) character file.

109 graki42 the Magician (level 4, -3/24 HPs)
             Began as a Deep Elf Fire Elementalist on Nov 2, 2017.
             Shot with a stone by a goblin (4 damage)
             ... led by Robin
             ... on level 3 of the Dungeon.
             The game lasted 00:07:05 (1816 turns).

graki42 the Magician (Deep Elf Fire Elementalist)   Turns: 1816, Time: 00:07:06

Health: -3/24      AC:  3    Str:  6    XL:     4   Next: 60%
Magic:  2/12       EV: 13    Int: 20    God:
Gold:   77         SH:  0    Dex: 15    Spells: 4/11 levels left

rFire    . . .     SeeInvis .   (no weapon)
rCold    . . .     Gourm    .   (no shield)
rNeg     . . .     Faith    .   a - +0 robe
rPois    .         Spirit   .   d - +0 helmet (curse)
rElec    .         Reflect  .   (no cloak)
rCorr    .         Harm     .   (no gloves)
MR       .....                  (no boots)
Stlth    +++.......             g - amulet of rage
HPRegen  0.08/turn              j - ring of stealth
MPRegen  0.13/turn              p - ring of wizardry

@: no status effects
A: no striking features
a: Evoke Berserk Rage


You were on level 3 of the Dungeon.
You were hungry.

You visited 1 branch of the dungeon, and saw 3 of its levels.

You collected 77 gold pieces.

Inventory:

Armour
 a - a +0 robe (worn)
 d - a cursed +0 helmet (worn)
 s - a +1 cloak
Jewellery
 g - an amulet of rage (around neck)
 j - a ring of stealth (left hand)
 p - a ring of wizardry (right hand)
Scrolls
 e - 3 scrolls of noise {unknown}
 f - 2 scrolls of teleportation {unknown}
 i - a scroll of fog {unknown}
 l - 2 scrolls of identify {unknown}
 r - a scroll of amnesia {unknown}
Potions
 h - 2 potions of degeneration {unknown}
 k - a potion of lignification {unknown}
 m - a potion of mutation {unknown}
 n - a potion of berserk rage {unknown}
 o - a potion of magic {unknown}
 q - a potion of heal wounds {unknown}
Books
 b - a book of Flames

   Spells                             Type                      Level
   a - Flame Tongue                   Conjuration/Fire             1
   b - Throw Flame                    Conjuration/Fire             2
   c - Conjure Flame                  Conjuration/Fire             3
   d - Inner Flame                    Hexes/Fire                   3
   e - Sticky Flame                   Conjuration/Fire             4
   f - Fireball                       Conjuration/Fire             5
Comestibles
 c - 3 bread rations


   Skills:
 + Level 0.2 Fighting
 + Level 3.0 Dodging
 + Level 2.7 Stealth
 + Level 4.3 Spellcasting
 + Level 2.4 Conjurations
 + Level 0.1 Hexes
 + Level 4.2 Fire Magic


You had 4 spell levels left.
You knew the following spells:

 Your Spells              Type           Power        Failure   Level  Hunger
a - Flame Tongue          Conj/Fire      ###..        1%          1    None
b - Conjure Flame         Conj/Fire      ###.....     4%          3    ###....
c - Inner Flame           Hex/Fire       ##......     6%          3    ###....


Dungeon Overview and Level Annotations

Branches:
Dungeon (3/15)

Altars:

Annotations:
D:3 Ijyb, Robin


Message History

Robin says, "My army is invincible!"
Things that are here:
a stone; a dagger; a goblin corpse You see here a stone.
The goblin no longer looks unusually strong.
Robin throws the goblin at you!
* * * LOW HITPOINT WARNING * * *
The goblin hits you with a club.
* * * LOW HITPOINT WARNING * * *
The goblin barely misses you. Robin throws the goblin at you!
* * * LOW HITPOINT WARNING * * *
The goblin unwields an uncursed hunting sling.
The goblin wields an uncursed dagger.
The goblin hits you with an uncursed dagger.
* * * LOW HITPOINT WARNING * * *
The goblin unwields an uncursed dagger.
The goblin wields an uncursed hunting sling.
The goblin shoots a stone.
The stone hits you.
You die...

##'##
#....<..##.# #.
#.# #...##..##.#
#. ###### #.#
#...##..##.# #.
...(.. ##.##
#...##..##.. ..
#...).###.((###
#.......#### #.
#...[)()(g(...##
###.##### #
#...))###).....#
#.# #.....
##.#.#g######.#
######
###..g.@.....#
############


You could see 2 goblins.

Vanquished Creatures
  Terence (D:3)
  An adder (D:2)
  2 worms
  3 dart slugs
  9 bats
  5 giant cockroaches
  19 goblins
  4 hobgoblins
  A quokka (D:2)
  6 frilled lizards
  5 kobolds
  5 rats
61 creatures vanquished.

Notes
Turn   | Place    | Note
-------+----------+-------------------------------------------
     0 | D:1      | graki42 the Deep Elf Fire Elementalist began the quest for the Orb.
     0 | D:1      | Reached XP level 1. HP: 10/10 MP: 6/6
   174 | D:1      | Reached XP level 2. HP: 15/15 MP: 1/8
   731 | D:1      | Reached XP level 3. HP: 19/19 MP: 8/10
   738 | D:1      | Learned a level 3 spell: Conjure Flame
   742 | D:1      | Learned a level 3 spell: Inner Flame
  1501 | D:3      | Noticed Terence
  1639 | D:3      | Noticed Ijyb
  1681 | D:3      | Killed Terence
  1681 | D:3      | Reached XP level 4. HP: 17/24 MP: 2/12
  1793 | D:3      | Noticed Robin
  1815 | D:3      | HP: 1/24 [goblin/uncursed dagger[Robin] (3)]
  1816 | D:3      | Shot with a stone by a goblin

Vault maps used:
D:1:      nicolae_arrival_memento_mori
D:2:      first_bread
D:3:      nicolae_qazlal_style_of_elements, uniq_ijyb, uniq_robin, uniq_terence

Skill      XL: |  1  2  3  4 |
---------------+-------------+-----
Fire Magic     | 4 |  4.2
Conjurations   | 2 |  2.4
Spellcasting   | 4 |  4.3
Dodging        | 3 |  3.0
Fighting       | |  0.2
Stealth        | |  2.7
Hexes          | |  0.1

Action                   |  1- 3 |  4- 6 || total
-------------------------+-------+-------++-------
 Cast: Flame Tongue      |    87 |    13 ||   100
       Inner Flame       |     3 |     1 ||     4
       Conjure Flame     |     1 |     1 ||     2
  Eat: Chunk             |     1 |     1 ||     2
Armor: Robe              |    45 |     3 ||    48
Dodge: Dodged            |    85 |    10 ||    95

Table legend:
 A = Spawn XP
 B = Non-spawn XP
 C = Spawn XP percentage of total XP
 D = Spawn monster count
 E = Non-spawn monster count
 F = Spawn count percentage of total count
 G = Total turns spent on level
                    A         B        C        D         E        F      G
               +---------+---------+-------+---------+---------+-------+---------
         Total |       0 |     157 |   0.0 |       0 |      61 |   0.0 |  1816
               +---------+---------+-------+---------+---------+-------+---------
           D:1 |       0 |      42 |   0.0 |       0 |      24 |   0.0 |   770
           D:2 |       0 |      48 |   0.0 |       0 |      20 |   0.0 |   763
           D:3 |       0 |      67 |   0.0 |       0 |      17 |   0.0 |   283
               +---------+---------+-------+---------+---------+-------+---------
